 Dungeon Crawl Stone Soup version 0.25-a0-471-g78e40d7af6 (webtiles) character file.

Game seed: 16786606626915674880, levelgen mode: deterministic

85 ChaosChampion the Magician (level 4, 0/33 HPs)
             Began as a Draconian Wizard on Feb 5, 2020.
             Slain by an orc wizard
             ... wielding a +0 dagger
              (3 damage)
             ... on level 3 of the Dungeon on Feb 6, 2020.
             The game lasted 00:10:38 (2596 turns).

ChaosChampion the Magician (Draconian Wizard)       Turns: 2596, Time: 00:10:39

Health: 0/33       AC:  5    Str: 11    XL:     4   Next: 25%
Magic:  3/19       EV: 12    Int: 19    God:
Gold:   84         SH:  0    Dex: 10    Spells: 6/11 levels left

rFire    . . .     SeeInvis .   (no weapon)
rCold    . . .     Gourm    .   (no shield)
rNeg     . . .     Faith    .   (armour unavailable)
rPois    .         Spirit   .   a - +0 hat
rElec    .         Reflect  .   (no cloak)
rCorr    .         Harm     .   (no gloves)
MR       .....                  (no boots)
Stlth    ++........             (no amulet)
HPRegen  0.11/turn              h - ring of magical power
MPRegen  0.16/turn              n - +2 ring of strength

@: very slightly contaminated
A: unfitting armour, cold-blooded, AC +5
a: no special abilities


You were on level 3 of the Dungeon.
You were very hungry.

You visited 1 branch of the dungeon, and saw 3 of its levels.

You collected 84 gold pieces.

Inventory:

Missiles
 f - 20 poisoned darts (quivered)
Armour
 a - a +0 hat (worn)
Jewellery
 h - a ring of magical power (left hand)
 n - a +2 ring of strength (right hand)
 q - an uncursed amulet of magic regeneration {unknown}
Scrolls
 b - 7 scrolls of identify {unknown}
 e - 2 scrolls of magic mapping {unknown}
 g - 2 scrolls of remove curse {unknown}
 k - 5 scrolls of teleportation {unknown}
 l - a scroll of fear {unknown}
 m - a scroll of amnesia {unknown}
 o - a scroll of fog {unknown}
 p - a scroll of enchant weapon {unknown}
 r - a scroll of noise {unknown}
Potions
 d - a potion of might {unknown}
 i - a potion of agility {unknown}
 j - a potion of mutation {unknown}
Comestibles
 c - 6 rations


   Skills:
 - Level 0.1 Throwing
 - Level 1.8 Dodging
 - Level 1.7 Stealth
 * Level 4.3 Spellcasting
 + Level 2.2 Conjurations
 + Level 1.0 Summonings
 - Level 1.0 Translocations


You had 6 spell levels left.
You knew the following spells:

 Your Spells              Type           Power        Failure   Level  Hunger
a - Magic Dart            Conj           ##..         5%          1    None
b - Blink                 Tloc           N/A          13%         2    #......
c - Call Imp              Summ           #.......     13%         2    #......

Your spell library contained the following spells:

 Spells                   Type           Power        Failure   Level  Hunger
 Slow                     Hex            #.......     21%         2    #......
 Conjure Flame            Conj/Fire      #.......     26%         3    ###....
 Mephitic Cloud           Conj/Pois/Air  #.......     28%         3    ###....


Dungeon Overview and Level Annotations

Branches:
Dungeon (3/15)

Altars:
Trog
Vehumet
The Shining One


Innate Abilities, Weirdness & Mutations

Your plain brown scales are hard. (AC +5)
You cannot fit into any form of body armour.
You are cold-blooded and may be slowed by cold attacks.


Message History

You hit the orc wizard but do no damage.
The orc wizard is heavily wounded.
The orc wizard hits you with a +0 dagger.
You completely miss the orc wizard.
The orc wizard is heavily wounded.
The orc wizard hits you with a +0 dagger.
* * * LOW HITPOINT WARNING * * *
The orc wizard barely misses you.
You hit the orc wizard but do no damage.
The orc wizard is heavily wounded.
The orc wizard hits you but does no damage.
You hit the orc wizard but do no damage.
The orc wizard is heavily wounded.
The orc wizard points at you and mumbles some strange words.
The magic dart hits you.
* * * LOW HITPOINT WARNING * * *
The orc wizard hits you with a +0 dagger.
* * * LOW HITPOINT WARNING * * *
The orc wizard hits you with a +0 dagger.
You die...

≈≈≈.......######........####
##≈≈......##...÷........#
##≈......##.###......oo# ≈#
#≈.....###.# ########.# ≈#
#≈....####.# #o# ≈##
##≈.[...###<# #.#
≈≈####≈≈......##.# #o#
.≈≈≈≈≈≈....)..##.# #.#
..............##@# #.#
.........##....o.# #.#
.........#...##.###########.#
...........#.##.†o.o........#
...#......##.################
.5###........# ##.##.######.#
......# #.# ####### #.#


You could see an orc wizard.

Vanquished Creatures
  An ooze (D:2)
  4 worms
  2 leopard geckos
  2 orcs (D:3)
  6 bats
  5 giant cockroaches
  5 goblins
  7 hobgoblins
  6 jackals
  6 kobolds
  2 quokkas
  A frilled lizard (D:3)
  5 rats
52 creatures vanquished.

Vanquished Creatures (collateral kills)
  4 jackals (D:2)
  A kobold (D:2)
5 creatures vanquished.

Grand Total: 57 creatures vanquished

Notes
Turn   | Place    | Note
-------+----------+-------------------------------------------
     0 | D:1      | ChaosChampion the Draconian Wizard began the quest for the
                  | Orb.
     0 | D:1      | Reached XP level 1. HP: 14/14 MP: 4/4
     1 | D:1      | Upgraded the game from 0.25-a0-464-g3004169c2b to
                  | 0.25-a0-471-g78e40d7af6
   309 | D:1      | Reached XP level 2. HP: 20/20 MP: 0/6
   333 | D:1      | Learned a level 2 spell: Blink
   336 | D:1      | Learned a level 2 spell: Call Imp
   921 | D:2      | Reached XP level 3. HP: 19/26 MP: 1/8
  1552 | D:2      | Reached skill level 4 in Spellcasting
  1597 | D:2      | Noticed a moth of wrath
  1600 | D:2      | Found a bloodstained altar of Trog.
  1985 | D:2      | Found a radiant altar of Vehumet.
  2051 | D:2      | Found a glowing golden altar of the Shining One.
  2297 | D:2      | Reached XP level 4. HP: 33/33 MP: 7/10
  2596 | D:3      | Slain by an orc wizard

Levels and vault maps discovered:
D:1:      minmay_arrival_semitransparent, layout_loops_corners,
          minmay_tromino_v4_b
D:2:      mumra_celtic_spiral_tile, layout_basic, tso_oasis_becter, tgw_trog,
          vehumet_crystals, first_ration
D:3:      layout_loops_ring, nicolae_ashenzari_panopticon,
          kennysheep_decorative_pillar

Skill      XL: |  1  2  3 |
---------------+----------+-----
Spellcasting   | 4 |  4.3
Conjurations   | 2 |  2.2
Throwing       | |  0.1
Dodging        | |  1.8
Stealth        | |  1.7
Summonings     | |  1.0
Translocations | |  1.0

Action                   |  1- 3 |  4- 6 || total
-------------------------+-------+-------++-------
Melee: Unarmed           |    15 |    38 ||    53
       Tailslap          |     3 |     6 ||     9
Throw: Dart              |    43 |       ||    43
 Cast: Magic Dart        |   149 |    46 ||   195
       Call Imp          |     4 |     1 ||     5
       Blink             |     1 |       ||     1
  Eat: Chunk             |     3 |     1 ||     4
Armor: Skin              |    19 |    16 ||    35
Dodge: Dodged            |    51 |    28 ||    79

Table legend:
 A = Non-vault XP
 B = Vault XP
 C = Vault XP percentage of total XP
 D = Non-vault monster count
 E = Vault monster count
 F = Vault count percentage of total count
                 A         B        C        D         E       F
            +---------+---------+-------+---------+---------+-------
      Total |     107 |      15 |  12.3 |      51 |       6 |  10.5
            +---------+---------+-------+---------+---------+-------
        D:1 |      27 |       2 |   6.9 |      14 |       1 |   6.7
        D:2 |      56 |      13 |  18.8 |      27 |       5 |  15.6
        D:3 |      24 |       0 |   0.0 |      10 |       0 |   0.0
            +---------+---------+-------+---------+---------+-------
